 Dungeon Crawl Stone Soup version 0.30-b1-2-g02819fbbbe (webtiles) character file.

Game seed: 2569502113266489735

73 Ashen the Ogre Mage (level 4, -2/45 HPs)
             Began as an Ogre Warper on Jan 18, 2024.
             Slain by a cerulean imp
             ... wielding a +2 spear
             ... summoned by Natasha
              (3 damage)
             ... on level 2 of the Dungeon.
             The game lasted 00:06:16 (1748 turns).

Ashen the Ogre Mage (Ogre Warper)                   Turns: 1748, Time: 00:06:17

Health: -2/45      AC:  3    Str: 15    XL:     4   Next: 27%
Magic:  8/8        EV: 10    Int: 16    God:
Gold:   55         SH:  0    Dex:  8    Spells: 2/9 levels left

rFire   . . .        a - +0 mace
rCold   . . .        (no shield)
rNeg    . . .        b - +0 robe
rPois   .            (helmet restricted)
rElec   .            (no cloak)
rCorr   .            (gloves unavailable)
SInv    .            (boots unavailable)
Will    .....        (no amulet)
Stlth   +            (no ring)
HPRegen 0.27/turn    (no ring)
MPRegen 0.11/turn

%: no passive effects
@: no status effects
A: large, unfitting armour, tough skin 1
a: no special abilities


You were on level 2 of the Dungeon.
You visited 1 branch of the dungeon, and saw 2 of its levels.

You collected 75 gold pieces.
You spent 20 gold pieces at shops.

Inventory:

Hand Weapons
 a - a +0 mace (weapon)
Missiles
 d - 7 boomerangs of dispersal (quivered)
 m - 4 boomerangs
Armour
 b - a +0 robe (worn)
Jewellery
 l - a ring of fire
Scrolls
 c - a scroll of blinking
 e - 4 scrolls of magic mapping {unknown}
 f - 2 scrolls of teleportation {unknown}
 g - a scroll of identify {unknown}
 i - a scroll of amnesia {unknown}
Potions
 h - a potion of resistance {unknown}
 j - a potion of heal wounds {unknown}
 k - a potion of mutation {unknown}
 n - 2 potions of attraction {unknown}
 o - a potion of curing {unknown}
 p - a potion of haste {unknown}


   Skills:
 + Level 3.1 Fighting
 + Level 2.1 Maces & Flails
 - Level 1.0 Throwing
 + Level 2.4 Dodging
 + Level 0.9 Stealth
 * Level 3.3 Spellcasting
 * Level 3.2 Translocations


You had 2 spell levels left.
You knew the following spells:

 Your Spells              Type           Power      Damage    Failure   Level
a - Blink                 Tloc           26%        N/A       7%          2
b - Lesser Beckoning      Tloc           26%        N/A       7%          2
c - Teleport Other        Tloc           13%        N/A       14%         3

Your spell library contained the following spells:

 Spells                   Type           Power      Damage    Failure   Level
 Necrotise                Necr           8%         1d4       19%         1
 Vhi's Electric Charge    Tloc/Air       14%        N/A       28%         3
 Volatile Blastmotes      Fire/Tloc      14%        2d11      28%         3
 Manifold Assault         Tloc           13%        N/A       43%         4
 Dazzling Flash           Conj/Hex       4%         N/A       50%         3
 Vampiric Draining        Necr           2%         2d6       50%         3
 Iskenderun's Mystic Bla  Conj/Tloc      7%         2d4       67%         4
 Olgreb's Toxic Radiance  Pois           2%         N/A       88%         4
 Agony                    Necr           2%         N/A       99%         5
 Starburst                Conj/Fire      1%         6d3       100%        6
 Discord                  Hex            1%         N/A       100%        8
 Ignition                 Fire           1%         3d3       100%        8


Dungeon Overview and Level Annotations

Branches:
Dungeon (2/15)

Altars:

Shops:
D:2 *

Annotations:
D:1 1 transporter
D:2 1 runed translucent door, Crazy Yiuf, Natasha


Innate Abilities, Weirdness & Mutations

You are too large for most types of armour.
You have tough skin. (AC +1)


Message History

Natasha claws you.
You miss Natasha.
Natasha is heavily wounded.
Natasha barely misses you.
Natasha drinks a potion.
Natasha flickers and vanishes!
Deactivating autopickup; reactivate with Ctrl-A.
You completely miss something.
You hear some strange, mumbled words.
A magic dart appears from out of thin air!
The magic dart hits you.
You closely miss something.
You hear some strange, mumbled words.
A magic dart appears from out of thin air!
The magic dart hits you.
You barely miss something.
You hear some strange, mumbled words.
You closely miss something. Something claws you!
You hear some strange, mumbled words.
Something tries to affect you, but you resist.
You closely miss something.
The cerulean imp hits you from afar with a +2 spear.
You hear some strange, mumbled words.
You miss something.
The cerulean imp hits you from afar with a +2 spear.
You hear some strange, mumbled words.
A magic dart appears from out of thin air!
The magic dart hits you.
The cerulean imp hits you but does no damage.
The cerulean imp hits you from afar with a +2 spear.
Something claws you.
* * * LOW HITPOINT WARNING * * *
You closely miss something.
You hear some strange, mumbled words.
A magic dart appears from out of thin air!
The magic dart hits you!
* * * LOW HITPOINT WARNING * * *
The cerulean imp hits you from afar with a +2 spear.
* * * LOW HITPOINT WARNING * * *
The cerulean imp hits you from afar with a +2 spear.
You die...

## #.#.###.# .# #.#.#
#.# [# #.#.# #.# .#
#.#.# #.# .# ## ###
#.#.# #.# .#.... ..
#.#.###.#### ......
#. #.#........#
##.###
.#.###5###.#..#####.#
#... ......5{@..#..#
#.##### #..#
.#.###.#####..#
#.....# #..# #. #..#
#.###.# #..# #J
#..#####.# #.# ##..#
#. #........# #.#
....# #. #.###...##
#.# ....#.# #. #.#
###.# #.# ......# ..
#.#####.####.#
..###.#
#<...<.......#


You could see 2 cerulean imps.

Vanquished Creatures
  4 adders (D:2)
  A dart slug (D:1)
  3 endoplasms
  A giant cockroach (D:1)
  3 goblins (D:1)
  2 hobgoblins (D:1)
  2 jackals (D:1)
  4 kobolds
  2 quokkas (D:1)
  2 ball pythons (D:2)
  6 bats
  2 frilled lizards (D:2)
  5 rats
37 creatures vanquished.

Notes
Turn   | Place    | Note
-------+----------+-------------------------------------------
     0 | D:1      | Ashen the Ogre Warper began the quest for the Orb.
     0 | D:1      | Reached XP level 1. HP: 22/22 MP: 3/3
   140 | D:1      | Found a faded altar of an unknown god.
   181 | D:1      | Reached XP level 2. HP: 22/29 MP: 5/5
   577 | D:1      | Reached XP level 3. HP: 33/36 MP: 7/7
   871 | D:1      | Learned a level 2 spell: Blink
   874 | D:1      | Learned a level 2 spell: Lesser Beckoning
   878 | D:1      | Learned a level 3 spell: Teleport Other
  1341 | D:2      | Found Imnibuh's Assorted Antiques.
  1357 | D:2      | Bought a purple potion for 20 gold pieces
  1483 | D:2      | Reached XP level 4. HP: 14/45 MP: 8/8
  1713 | D:2      | Found a runed translucent door.
  1714 | D:2      | Noticed Crazy Yiuf
  1736 | D:2      | Noticed Natasha
  1748 | D:2      | HP: 1/45 [cerulean imp/+2 spear[Natasha] (2)]
  1748 | D:2      | Slain by a cerulean imp

Illustrated notes

Levels and vault maps discovered:
D:1:      spicycebolla_arrival_risky_transporter, layout_basic,
          shapermc_ecumenical_altar_venn
D:2:      layout_loops_ring, serial_shops, shop, uniq_crazy_yiuf_cottage,
          uniq_natasha

Skill      XL: |  1  2  3 |
---------------+----------+-----
Translocations | 3 |  3.2
Fighting       | 3 |  3.1
Maces & Flails | 2 |  2.1
Spellcasting   | 3 |  3.3
Throwing       | |  1.0
Dodging        | |  2.4
Stealth        | |  0.9

Action                     |  1- 3 |  4- 6 || total
---------------------------+-------+-------++-------
  Melee: Mace              |   128 |    16 ||   144
   Cast: Lesser Beckoning  |     2 |       ||     2
         Teleport Other    |       |     3 ||     3
   Stab: Sleeping          |     1 |       ||     1
 Armour: Robe              |    38 |     3 ||    41
  Dodge: Dodged            |    87 |     6 ||    93
